 Dungeon Crawl Stone Soup version 0.27-a0-1501-g9d6fb14e67 (webtiles) character file.

Game seed: 15857351322217440690

164563 Driobald the Brawler (level 17, -3/133 HPs)
             Began as a Demonspawn Berserker on July 6, 2021.
             Was a High Priest of Trog.
             Succumbed to a wolf spider's poison
             ... on level 2 of the Lair of Beasts on July 8, 2021.
             The game lasted 01:01:34 (26521 turns).

Driobald the Brawler (Demonspawn Berserker)        Turns: 26521, Time: 01:01:34

Health: -3/133     AC: 22    Str: 26    XL:     17   Next: 26%
Magic:  2/17       EV: 12    Int: 12    God:    Trog [*****.]
Gold:   1628       SH:  6    Dex: 12    Spells: 16/16 levels left

rFire    + . .     SeeInvis +     - Unarmed
rCold    . . .     Faith    .   a - +1 buckler of the Cockroach {rF+ rN+ Str+4 Int+2}
rNeg     + . .     Spirit   +   o - +4 plate armour
rPois    .         Reflect  .   I - +1 hat {SInv}
rElec    .         Harm     .   c - scarf {repulsion}
rCorr    .         Rampage  .   (gloves unavailable)
Will     +....                  (boots unavailable)
Stlth    ..........             O - amulet of guardian spirit
HPRegen  0.32/turn              t - +4 ring of protection
MPRegen  0.15/turn              U - +4 ring of evasion

@: lethally poisoned (-3 -> -45), corroded, on berserk cooldown, slowed, repel
missiles, very slow
A: claws 3, horns 2, talons 3, powered by death 1, powered by pain 2, iridescent
scales 1, dopey 1, no potion heal 1
a: Renounce Religion, Berserk, Trog's Hand, Brothers in Arms


You were on level 2 of the Lair of Beasts.
You worshipped Trog.
Trog was extremely pleased with you.
You visited 5 branches of the dungeon, and saw 25 of its levels.
You visited the Abyss 1 time.
You also visited: Bailey.

You collected 2347 gold pieces.
You spent 719 gold pieces at shops.

Inventory:

Missiles
 m - 15 curare-tipped darts (quivered)
 w - 8 atropa-tipped darts
 C - a throwing net
Armour
 a - the +1 buckler of the Cockroach (worn) {rF+ rN+ Str+4 Int+2}
   (You found it on level 15 of the Dungeon)

   Str:       It affects your strength (+4).
   Int:       It affects your intelligence (+2).
   rF:        It protects you from fire.
   rN:        It protects you from negative energy.
 c - a scarf of repulsion (worn)
 o - a +4 plate armour (worn)
 F - a +0 buckler
 I - a +1 hat of see invisible (worn)
 P - a scarf of shadows
Jewellery
 k - a ring of ice
 r - an amulet of regeneration
 t - a +4 ring of protection (left claw)
 E - a ring of fire
 M - a ring of magical power
 O - an amulet of guardian spirit (around neck)
 U - a +4 ring of evasion (right claw)
 V - a ring of resist corrosion
 W - a ring of protection from fire
Wands
 b - a wand of iceblast (17)
 q - a wand of mindburst (6)
 y - a wand of charming (4)
 B - a wand of paralysis (9)
 K - a wand of flame (51)
 Q - a wand of acid (5)
Scrolls
 f - 14 scrolls of teleportation
 l - 3 scrolls of immolation
 n - a scroll of magic mapping
 p - a scroll of fog
 s - a scroll of blinking
 H - 11 scrolls of identify
 L - 3 scrolls of enchant armour
 T - 4 scrolls of enchant weapon
 X - 2 scrolls of summoning
Potions
 d - 5 potions of haste
 e - 5 potions of attraction
 g - 2 potions of magic
 j - 8 potions of heal wounds
 v - 2 potions of berserk rage
 x - 5 potions of might
 z - 6 potions of curing
 A - 2 potions of mutation
 D - 3 potions of flight
 G - 3 potions of resistance
 J - a potion of invisibility {unknown}
 N - a potion of lignification {unknown}
 R - a potion of ambrosia {unknown}
 Z - a potion of cancellation
Miscellaneous
 S - a condenser vane
 Y - a condenser vane


   Skills:
 + Level 12.2 Fighting
 - Level 3.2 Axes
 - Level 12.1 Armour
 - Level 1.7 Dodging
 - Level 5.0 Shields
 * Level 20.7 Unarmed Combat
 + Level 7.8 Evocations


You had 16 spell levels left.
You didn't know any spells.
Your spell library was empty.

Dungeon Overview and Level Annotations

Branches:
Dungeon (15/15)            Temple (0/1) D:5            Lair (6/6) D:9
 Shoals (0/4) Lair:3       Spider (1/4) Lair:2        Slime (0/5) Lair:5
    Orc (2/2) D:12            Elf (0/3) Orc:2        Vaults (0/5) D:13
 Depths (1/5) D:15         Bailey (visited)

Altars:
Ashenzari
Cheibriados
Fedhas
Gozag
Hepliaklqana
Okawaru
Ru
Sif Muna
Trog
Uskayaw
Vehumet
Xom
The Shining One
Beogh

Shops:
D:5 !   Orc:2 ?![[

Annotations:
D:4 3 runed translucent doors, 2tc's ghost, amateur DrTm
D:7 2 transporters, Dwachs's ghost, novice GrEE
D:9 1 exclusion
Lair:1 exclusion: oklob plant


Innate Abilities, Weirdness & Mutations

You have claws for hands.
You have a pair of horns on your head.
You have claws for feet.
You regenerate a little health from kills.
You sometimes gain power by taking damage.
You are partially covered in iridescent scales. (AC +2)
You are dopey. (Int -2)
Potions are less effective at restoring your health.


Message History

You are too injured to fight recklessly!
You are too injured to fight recklessly!
You closely miss the wolf spider. You claw the wolf spider!
The wolf spider is lightly wounded.
The wolf spider hits you. The wolf spider bites you.
You are poisoned.
The wolf spider poisons you! You block the wolf spider's attack.
The wolf spider bites you but does no damage.
You closely miss the wolf spider. You claw the wolf spider.
Your headbutt misses the wolf spider.
The wolf spider is moderately wounded.
You feel extremely sick. The wolf spider closely misses you.
The wolf spider bites you but does no damage.
The wolf spider hits you!
* * * LOW HITPOINT WARNING * * *
You block the wolf spider's attack.
Your ogre goes berserk!
You feel extremely sick. The wolf spider hits you!
* * * LOW HITPOINT WARNING * * *
The wolf spider bites you but does no damage.
The wolf spider hits you but does no damage.
The wolf spider bites you but does no damage.
The wolf spider hits you.
* * * LOW HITPOINT WARNING * * *
The wolf spider bites you but does no damage.
You block the wolf spider's attack.
The wolf spider bites you but does no damage.
You block the wolf spider's attack. The wolf spider bites you.
* * * LOW HITPOINT WARNING * * *
You are more poisoned.
The wolf spider poisons you! The wolf spider hits you.
* * * LOW HITPOINT WARNING * * *
The wolf spider bites you but does no damage.
Unknown command.
Blink to where?
Press: ? - help, Dir - move target
As you read the scroll of blinking, it crumbles to dust.
You die...

..P##≈≈≈†.s≈≈≈≈# #.......
..###....§....## #.......
..##.≈≈≈..s≈≈≈# ### #..P####
.....≈≈.≈.≈O≈≈#######P####..##
.....≈.≈≈.≈≈.≈..............#
......≈≈≈.≈≈≈...............#
............#..............÷##
#.###.#.#.................÷÷÷#
####......#.....@...........## #
#...........#..#####.#..#..#### #
#.....#.#.#.#..# ######...... #
#...⌠........### #......
###.#...÷.#....## #######.....>
#.#.......#.#...#####.#..#.......
##.#.....####....................
####....####...................##
###......##.###..#+.##.........P.


You could see a wolf spider (ally target) and a friendly ogre (summoned,
berserk).

Vanquished Creatures
  A dread lich (Abyss:2)
  Jorgrun (D:12)
  Gastronok (Lair:1)
  A tentacled starspawn (Abyss:2)
  2 orc warlords
  Nessos (Lair:4)
  The ghost of kulik242 the Eclecticist, a journeyman SpVM of Fedhas (D:13)
  A fire dragon (D:14)
  Fannar (Orc:1)
  6 hydras
  2 catoblepae
  3 boulder beetles
  3 two-headed ogres
  An ogre mage (D:15)
  4 centaur warriors (D:15)
  A death knight (D:15)
  11 death yaks
  Urug (D:12)
  An orc high priest (Orc:1)
  Nergalle (D:12)
  Sonja (D:13)
  An iron troll (D:13)
  6 skeletal warriors
  A fire crab (shapeshifter) (D:14)
  A wizard (D:15)
  8 orc knights
  3 deep elf pyromancers
  A lindwurm (D:13)
  A necromancer (D:15)
  4 deep elf zephyrmancers
  9 ugly things
  2 manticores
  An orc sorcerer (Orc:1)
  4 wolf spiders
  4 cyclopes
  A black mamba (shapeshifter) (D:13)
  10 elephants (Lair:6)
  2 black mambas (Lair:4)
  3 torpor snails
  A naga mage (D:15)
  11 cane toads
  2 cane toads (shapeshifter)
  An unseen horror (D:10)
  Psyche (D:8)
  An efreet (D:13)
  10 komodo dragons
  A demonic crawler (Abyss:2)
  3 kobold demonologists (D:11)
  A jumping spider (Spider:1)
  5 polar bears
  4 trolls
  3 meliai (D:14)
  Grinder (D:4)
  4 hornets
  3 raiju (Abyss:2)
  4 slime creatures (D:13)
  21 blink frogs
  A snapping turtle (shapeshifter) (D:15)
  8 dream sheep (Lair:6)
  7 wraiths
  4 shadows
  2 redbacks
  3 vampires
  14 spriggans (Lair:6)
  2 wyverns
  A tarantella (Spider:1)
  4 water elementals
  32 yaks
  2 basilisks (Lair:6)
  2 steam dragons (D:10)
  4 fire elementals (Abyss:2)
  5 vampire mosquitoes
  A neqoxec (Abyss:2)
  A redback simulacrum (D:15)
  8 wargs
  A small abomination (Abyss:2)
  3 acid dragons
  29 water moccasins
  26 orc warriors
  3 black bears
  A meliai simulacrum (D:15)
  A hornet zombie (D:7)
  An ice beast (D:5)
  A necrophage (D:5)
  10 ogres
  25 wolves
  4 boggarts (Lair:6)
  8 centaurs
  2 kobold brigands
  Blork the orc (D:6)
  12 bullfrogs
  2 gnoll sergeants
  2 scorpions
  A water moccasin skeleton (D:6)
  A hornet simulacrum (D:15)
  9 killer bees
  9 wights (D:8)
  2 howler monkeys
  4 electric eels
  5 centaur zombies
  3 hounds
  7 jellies
  6 orc priests
  A bullfrog skeleton (D:5)
  4 centaur skeletons
  2 iguanas
  18 orc wizards
  7 hell rats (Lair:5)
  2 howler monkey skeletons
  23 adders
  19 gnolls
  4 river rats (D:5)
  A shadow imp (D:7)
  2 white imps (D:7)
  4 ufetubi
  3 worms
  3 dart slugs
  63 orcs
  3 bats
  5 endoplasms
  A giant cockroach (D:4)
  4 goblins
  11 hobgoblins
  A quokka (D:1)
  6 ball pythons
  5 frilled lizards
  37 kobolds
  6 rats
  A bush (D:4)
700 creatures vanquished.

Vanquished Creatures (collateral kills)
  Josephine (Orc:2)
  2 orc knights (Orc:2)
  A deep elf archer (Orc:1)
  An elephant (Lair:6)
  A warg (Orc:2)
  A water moccasin (Lair:6)
  6 orc warriors
  An ogre (Orc:1)
  3 wolves (Lair:2)
  5 orcs
  A goblin (Bailey)
23 creatures vanquished.

Vanquished Creatures (others)
  A yak (Lair:2)
  An orc warrior (Orc:1)
  An orc (Orc:2)
  33 fungi
  88 plants
124 creatures vanquished.

Grand Total: 847 creatures vanquished

Notes
Turn   | Place    | Note
-------+----------+-------------------------------------------
     0 | D:1      | Driobald the Demonspawn Berserker began the quest for the
                  | Orb.
     0 | D:1      | Reached XP level 1. HP: 18/18 MP: 1/1
   286 | D:1      | Gained mutation: You have sharp fingernails. [demonic
                  | ancestry]
   286 | D:1      | Reached XP level 2. HP: 23/24 MP: 2/2
   344 | D:1      | Found a faded altar of an unknown god.
   549 | D:1      | Reached skill level 1 in Unarmed Combat
  1022 | D:2      | Reached ** piety under Trog
  1033 | D:2      | Reached XP level 3. HP: 20/29 MP: 3/3
  1495 | D:2      | Reached skill level 2 in Unarmed Combat
  2155 | D:3      | Gained mutation: You have sharp toenails. [demonic
                  | ancestry]
  2155 | D:3      | Reached XP level 4. HP: 32/35 MP: 4/4
  2348 | D:3      | Reached skill level 3 in Unarmed Combat
  2426 | D:3      | Found a shimmering blue altar of Sif Muna.
  2781 | D:3      | Gained mutation: You regenerate a little health from kills.
                  | [demonic ancestry]
  2781 | D:3      | Reached XP level 5. HP: 41/41 MP: 5/5
  2783 | D:3      | Reached skill level 4 in Unarmed Combat
  2840 | D:3      | Found an iron altar of Okawaru.
  3097 | D:3      | Reached *** piety under Trog
  3240 | D:4      | Noticed Grinder
  3265 | D:4      | Killed Grinder
  3266 | D:4      | Reached skill level 5 in Unarmed Combat
  3266 | D:4      | Gained mutation: You have a pair of small horns on your
                  | head. [demonic ancestry]
  3266 | D:4      | Reached XP level 6. HP: 42/47 MP: 6/6
  3483 | D:4      | Found a runed translucent gate.
  3483 | D:4      | Found a runed translucent gate.
  3483 | D:4      | Found a runed translucent gate.
  3483 | D:4      | Noticed 2tc's ghost (amateur DrTm)
  3536 | D:4      | Reached skill level 6 in Unarmed Combat
  3565 | D:4      | Gained mutation: You sometimes gain a little power by
                  | taking damage. [demonic ancestry]
  3565 | D:4      | Reached XP level 7. HP: 26/52 MP: 7/7
  3868 | D:4      | Found a hazy altar of Hepliaklqana.
  4022 | D:4      | Found a sacrificial altar of Ru.
  4216 | D:4      | Found a bloodstained altar of Trog.
  4381 | D:5      | Entered Level 5 of the Dungeon
  4557 | D:5      | Reached skill level 7 in Unarmed Combat
  4694 | D:5      | Found Giavappu's Distillery.
  4700 | D:5      | Bought a potion of heal wounds for 65 gold pieces
  4700 | D:5      | Bought a potion of mutation for 104 gold pieces
  4814 | D:5      | Found an opulent altar of Gozag.
  4822 | D:5      | Reached XP level 8. HP: 42/60 MP: 8/8
  4944 | D:5      | Found a staircase to the Ecumenical Temple.
  4967 | D:5      | Reached skill level 8 in Unarmed Combat
  5775 | D:6      | Reached skill level 9 in Unarmed Combat
  6022 | D:6      | Noticed Blork the orc
  6031 | D:6      | Killed Blork the orc
  6060 | D:6      | Reached **** piety under Trog
  6578 | D:6      | Gained mutation: You are partially covered in iridescent
                  | scales. (AC +2) [potion of mutation]
  6578 | D:6      | Gained mutation: You passively dampen the noise of your
                  | surroundings. [potion of mutation]
  6578 | D:6      | Lost mutation: You passively dampen the noise of your
                  | surroundings. [potion of mutation]
  6614 | D:7      | Reached skill level 10 in Unarmed Combat
  6614 | D:7      | Gained mutation: You have razor-sharp toenails. [demonic
                  | ancestry]
  6614 | D:7      | Reached XP level 9. HP: 64/65 MP: 9/9
  6651 | D:7      | Found a radiant altar of Vehumet.
  6651 | D:7      | Found a hide-covered altar of Uskayaw.
  6652 | D:7      | Found a shimmering altar of Xom.
  6692 | D:7      | Found a transporter.
  6696 | D:7      | Noticed Dwachs's ghost (novice GrEE)
  6701 | D:7      | Identified a scroll of acquirement
  6701 | D:7      | Acquired a manual of Armour
  6728 | D:7      | Found a snail-covered altar of Cheibriados.
  7107 | D:7      | Found a transporter.
  7343 | D:8      | Found a flagged portal.
  7355 | D:8      | Reached skill level 5 in Armour
  7361 | Bailey   | Entered a bailey
  7373 | Bailey   | Noticed an orc warlord
  7469 | Bailey   | Reached skill level 11 in Unarmed Combat
  7470 | Bailey   | Reached ***** piety under Trog
  7486 | Bailey   | Found a runed translucent gate.
  7488 | Bailey   | Found a runed translucent gate.
  7501 | Bailey   | Found a runed translucent gate.
  7501 | Bailey   | Noticed an orc knight
  7534 | Bailey   | Killed an orc knight
  7538 | Bailey   | Received a gift from Trog
  7720 | Bailey   | Killed an orc warlord
  7721 | Bailey   | Reached XP level 10. HP: 71/71 MP: 10/10
  7794 | Bailey   | Reached skill level 10 in Armour
  7794 | Bailey   | Reached skill level 13 in Unarmed Combat
  7794 | Bailey   | Gained mutation: You have claws for feet. [demonic
                  | ancestry]
  7794 | Bailey   | Reached XP level 11. HP: 77/77 MP: 11/11
  7795 | Bailey   | Reached skill level 14 in Unarmed Combat
  7795 | Bailey   | Gained mutation: You have a pair of horns on your head.
                  | [demonic ancestry]
  7795 | Bailey   | Reached XP level 12. HP: 83/83 MP: 12/12
  8181 | D:8      | Noticed Psyche
  8186 | D:8      | Killed Psyche
  8721 | D:9      | Reached skill level 15 in Unarmed Combat
  8749 | D:9      | Found a staircase to the Lair.
  8859 | D:9      | Found a broken altar of Ashenzari.
  9331 | D:9      | Reached skill level 1 in Shields
  9390 | Lair:1   | Entered Level 1 of the Lair of Beasts
  9858 | Lair:1   | Noticed Gastronok
  9878 | Lair:1   | Killed Gastronok
 10656 | Lair:2   | Found a hole to the Spider Nest.
 10715 | Lair:2   | Reached skill level 16 in Unarmed Combat
 10946 | Lair:2   | Noticed a seven-headed hydra
 10953 | Lair:2   | Killed a seven-headed hydra
 10954 | Lair:2   | Gained mutation: You have very sharp fingernails. [demonic
                  | ancestry]
 10954 | Lair:2   | Reached XP level 13. HP: 88/88 MP: 13/13
 11773 | Lair:3   | Found a staircase to the Shoals.
 11911 | Lair:3   | Reached skill level 5 in Shields
 12282 | Lair:4   | Noticed Nessos
 12291 | Lair:4   | Killed Nessos
 12814 | Lair:4   | Reached skill level 5 in Fighting
 13304 | Lair:5   | Received a gift from Trog
 13645 | Lair:5   | Reached skill level 17 in Unarmed Combat
 13694 | Lair:5   | Found a staircase to the Slime Pits.
 14314 | Lair:6   | Entered Level 6 of the Lair of Beasts
 15067 | Lair:6   | Gained mutation: You have claws for hands. [demonic
                  | ancestry]
 15067 | Lair:6   | Reached XP level 14. HP: 83/103 MP: 10/14
 15121 | Lair:6   | Received a gift from Trog
 15624 | Lair:6   | Reached skill level 18 in Unarmed Combat
 16728 | D:10     | Entered Level 10 of the Dungeon
 16872 | D:10     | Found a blossoming altar of Fedhas.
 17330 | D:10     | Identified the +0 leather armour of Kirrioj {Drain rF++
                  | Will+++ Str-5}
 17613 | D:11     | Received a gift from Trog
 17654 | D:11     | Reached ****** piety under Trog
 18763 | D:12     | Reached skill level 19 in Unarmed Combat
 18838 | D:12     | Noticed Nergalle
 18842 | D:12     | Killed Nergalle
 18867 | D:12     | Found a staircase to the Orcish Mines.
 18933 | D:12     | Reached skill level 1 in Evocations
 19017 | D:12     | Noticed Jorgrun
 19017 | D:12     | Noticed Urug
 19024 | D:12     | Killed Jorgrun
 19031 | D:12     | Killed Urug
 19032 | D:12     | Reached skill level 10 in Fighting
 19032 | D:12     | Gained mutation: You sometimes gain power by taking damage.
                  | [demonic ancestry]
 19032 | D:12     | Reached XP level 15. HP: 115/115 MP: 15/15
 19814 | Orc:1    | Entered Level 1 of the Orcish Mines
 19879 | Orc:1    | Noticed an orc warlord
 19898 | Orc:1    | Killed an orc warlord
 20039 | Orc:1    | Identified the +0 chain mail "Simp" {rElec}
 20166 | Orc:1    | Noticed Fannar
 20175 | Orc:1    | Killed Fannar
 20177 | Orc:1    | Identified the +6 war axe "Nyiceloj" {flame, Str+7} (Trog
                  | gifted it to you on level 1 of the Orcish Mines)
 20177 | Orc:1    | Received a gift from Trog
 20630 | Orc:2    | Entered Level 2 of the Orcish Mines
 20811 | Orc:2    | Noticed Josephine
 20827 | Orc:2    | Killed Josephine
 21074 | Orc:2    | Found Zothoj's Magic Scroll Emporium.
 21074 | Orc:2    | Found Sossuh's Distillery.
 21146 | Orc:2    | Bought a potion of experience for 550 gold pieces
 21155 | Orc:2    | Reached skill level 5 in Evocations
 21155 | Orc:2    | Reached XP level 16. HP: 102/124 MP: 16/16
 21335 | Orc:2    | Found a staircase to the Elven Halls.
 21647 | Orc:2    | Found Wigeucet's Antique Armour Shop.
 21656 | Orc:2    | Found Asmonuj's Antique Armour Emporium.
 21943 | D:13     | Found a large runed translucent door.
 21943 | D:13     | Found a large runed translucent door.
 21945 | D:13     | Noticed kulik242's ghost (journeyman SpVM)
 22200 | D:13     | You fall into a shaft and drop 2 floors!
 22200 | D:15     | Entered Level 15 of the Dungeon
 22223 | D:15     | Received a gift from Trog
 22282 | D:13     | Noticed Sonja
 22292 | D:13     | Killed Sonja
 22561 | D:13     | Found a gate to the Vaults.
 22905 | D:13     | Killed kulik242's ghost
 22906 | D:13     | Reached skill level 20 in Unarmed Combat
 23031 | D:14     | Found a radiant altar of Vehumet.
 23275 | D:14     | Identified the +6 scale mail of Woesolaa {rElec rPois}
 24523 | D:14     | Identified the +0 pair of boots of the Hippo {Int+3}
 24821 | D:15     | Cast into level 2 of the Abyss (a wizard)
 24822 | Abyss:2  | Found a corrupted altar of Lugonu.
 24868 | Abyss:2  | Noticed a tentacled starspawn
 24868 | Abyss:2  | Gained mutation: You are dopey. (Int -2) [a neqoxec]
 24869 | Abyss:2  | Gained mutation: Potions are less effective at restoring
                  | your health. [a neqoxec]
 24872 | Abyss:2  | Killed a tentacled starspawn
 24937 | Abyss:2  | Noticed a dread lich
 24953 | Abyss:2  | Killed a dread lich
 24954 | Abyss:2  | Reached XP level 17. HP: 133/133 MP: 17/17
 24956 | D:15     | Escaped the Abyss
 24960 | D:15     | Received a gift from Trog
 25660 | D:15     | Identified the +1 buckler of the Cockroach {rF+ rN+ Str+4
                  | Int+2}
 26128 | D:15     | Found a staircase to the Depths.
 26227 | D:15     | Upgraded the game from 0.27-a0-1456-gf5a116941d to
                  | 0.27-a0-1501-g9d6fb14e67
 26263 | Depths:1 | Entered Level 1 of the Depths
 26478 | Spider:1 | Entered Level 1 of the Spider Nest
 26493 | Spider:1 | Paralysed by a hornet for 3 turns
 26521 | Lair:2   | Succumbed to a wolf spider's poison

Illustrated notes

Levels and vault maps discovered:
D:1:      tarquinn_simple_flora_water_c, layout_loops_ring,
          ebering_ecumenical_altar_hall, kennysheep_nondescript,
          minmay_splitting_lines
D:2:      layout_rooms
D:3:      layout_loops_ring, okawaru_metal_pillars_3, old_standard_altar
D:4:      layout_loops_cross, kennysheep_mini,
          gammafunk_temple_overflow_forgotten, ebering_ghost_rock_garden,
          uniq_grinder
D:5:      wad_woods_tower, layout_loops_ring,
          nicolae_gozag_cash_rules_everything_around_me,
          minmay_temple_entry_mini_moons, serial_shops, shop
D:6:      layout_basic, uniq_blork_the_orc
D:7:      layout_rooms, nicolae_overflow_quartered_altars,
          gammafunk_ghost_arena, serial_corexii_hall, corexii_hall_statues_l,
          chequers_hall_statues_y, kennysheep_generic_room_16
D:8:      layout_basic, enter_bailey_2, nzn_life_drinkers, uniq_psyche
D:9:      cheibrodos_two_vegetables, layout_irregular_city,
          nicolae_overflow_crystal_walls, lair_entry_dummy
D:10:     layout_roguey, lemuel_doored_altar
D:11:     layout_stronghold
D:12:     layout_layer_cave, minmay_orc_entry_guard_dogs,
          kennysheep_generic_room_12, uniq_nergalle, uniq_jorgrun, uniq_urug
D:13:     layout_basic, david_vaults_4, ebering_ghost_disaster_area,
          serial_park_tiny_1, uniq_sonja
D:14:     layout_basic, vehumet_crystals
D:15:     grunt_enter_depths_magical_seal, layout_irregular_city,
          minmay_misc_feat_square, minmay_quadrilaterals
Lair:1:   layout_small_grid, serial_bayou_shore_b, grunt_megastairs_5,
          serial_bayou_shore_a, minmay_lair_oklob_chamber, uniq_gastronok
Lair:2:   layout_chaotic_city, spider_nest_entry_a,
          chequers_serial_rivers_large_b, grunt_megastairs_1
Lair:3:   lemuel_reptile_caves, layout_gridlike, elwin_shoals_entry_rocks
Lair:4:   layout_long_grid, grunt_megastairs_2, uniq_nessos
Lair:5:   layout_long_grid, nicolae_slime_entry_slimehenge
Lair:6:   minmay_lair_end_enchanted_forest, layout_cellular_growth
Spider:1: layout_spider_delve
Orc:1:    layout_caves, elf_legates, uniq_fannar
Orc:2:    st_orc_town, layout_caves, uniq_josephine
Depths:1: layout_gridville, pan_entry, grunt_hell_entry_dis_old, serial_shops,
          nicolae_shop_statue_plus, kennysheep_mini_moat, serial_bayou_ford_a,
          nrook_pool_corridor, minmay_protected_statue

Skill      XL: |  1  2  3  4  5  6  7  8  9 10 11 12 13 14 15 16 17 |
---------------+----------------------------------------------------+-----
Axes           | 3 |  3.2
Unarmed Combat | 1 2 3 5 6 7 10 11 13 14 16 17 19 20 | 20.7
Armour         | 3 7 10 11 12 | 12.1
Fighting       | 4 7 10 11 12 | 12.2
Shields        | 4 5 |  5.0
Evocations     | 1 5 7 |  7.8
Dodging        | |  1.7

Action                   |  1- 3 |  4- 6 |  7- 9 | 10-12 | 13-15 | 16-18 || total
-------------------------+-------+-------+-------+-------+-------+-------++-------
Melee: Hand axe          |   127 |       |       |       |       |       ||   127
       Unarmed           |     8 |   107 |   343 |   281 |  1004 |   382 ||  2125
       Punch             |     1 |     2 |    15 |     9 |       |       ||    27
       Kick              |       |    25 |   108 |    73 |   282 |   119 ||   607
       Headbutt          |       |     7 |    52 |    53 |   182 |    76 ||   370
Throw: Boomerang         |       |       |     8 |       |       |       ||     8
       Dart              |       |       |     1 |       |       |       ||     1
       Throwing net      |       |       |     1 |       |       |       ||     1
Invok: Berserk           |     2 |     3 |     5 |     7 |    12 |     4 ||    33
       Brothers in Arms  |       |       |     1 |       |     5 |     1 ||     7
Evoke: Wand              |       |       |       |     2 |       |       ||     2
       Condenser vane    |       |       |       |       |     1 |       ||     1
  Use: Potion            |       |       |     8 |     4 |     2 |     1 ||    15
       Scroll            |       |       |    14 |     4 |     3 |     1 ||    22
 Stab: Sleeping          |     1 |     1 |       |       |       |       ||     2
       Distracted        |       |       |     1 |       |       |       ||     1
       Confused          |       |       |       |       |     3 |       ||     3
Armor: Leather armour    |    24 |     6 |       |       |       |       ||    30
       Animal skin       |     1 |       |       |       |       |       ||     1
       Scale mail        |       |     9 |       |       |       |       ||     9
       Chain mail        |       |    17 |       |       |       |       ||    17
       Plate armour      |       |       |   237 |   165 |   501 |   212 ||  1115
Dodge: Dodged            |    76 |    37 |   100 |    84 |   384 |   188 ||   869
       Repelled          |       |       |       |       |     1 |     4 ||     5
Block: Buckler           |       |       |       |    30 |   171 |    72 ||   273

Table legend: (Time is in decaauts)
 A = Elapsed time spent in this place.
 B = Non-inter-level travel time spent in this place.
 C = Inter-level travel time spent in this place.
 D = Time resting spent in this place.
 E = Time spent auto-exploring this place.
 F = Levels seen in this place.
 G = Mean time per level.
                   A        B        C        D        E       F      G
               +--------+--------+--------+--------+--------+-----+--------+
         Total |  26341 |  25129 |   1212 |   4753 |  15954 |  27 |  975.6 |
       Dungeon |  16474 |  15741 |    733 |   3234 |  10146 |  15 | 1098.3 |
          Lair |   7312 |   6933 |    379 |   1217 |   4378 |   6 | 1218.7 |
   Spider Nest |     19 |     19 |      0 |      0 |      0 |   1 |   19.0 |
  Orcish Mines |   1960 |   1860 |    100 |    215 |   1280 |   2 |  980.0 |
        Depths |      1 |      1 |      0 |      0 |      0 |   1 |    1.0 |
         Abyss |    117 |    117 |      0 |      6 |     35 |   1 |  117.0 |
        Bailey |    456 |    456 |      0 |     79 |    115 |   1 |  456.0 |
               +--------+--------+--------+--------+--------+-----+--------+

Top non-repeatable levels by time:
  Lair:6: 1933 daAuts
    D:14: 1804 daAuts
    D:15: 1449 daAuts
     D:5: 1333 daAuts
  Lair:5: 1308 daAuts
    D:12: 1172 daAuts
     D:4: 1171 daAuts
    D:11: 1146 daAuts
     D:2: 1128 daAuts
   Orc:2: 1126 daAuts
  Lair:1: 1125 daAuts
     D:3: 1097 daAuts
  Lair:4: 1086 daAuts
    D:13: 1033 daAuts
     D:1: 1025 daAuts
